Map: 블루시프트 - 래더

Players

SortOf

  • Race: Zerg Zerg
  • League: Master
  • Spawn Location: 7:00

LiquidTaeJa (TaeJa) - Winner!

  • Race: Terran Terran
  • League: Diamond
  • Spawn Location: 1:00

Event: HomeStory Cup XVIII

VOD

Have the link to the VOD?

Description

Time

  • Played on: Nov. 23, 2018, 5:19 p.m.
  • Length: 6:37

All games in this series

Show
View Real Time Build Order
Export as new Build Order

SortOf Zerg 

Build Orders: Pool Only, Ravager All-In 

Get SALT Encoding   

  12  0:18  Spawning Pool  
  11  0:22  Drone  
  11  0:26  Drone  
  13  0:31  Drone  
  14  0:39  Overlord  
  14  0:45  Extractor, Drone  
  14  0:52  Extractor  
  14  0:55  Drone  
  14  1:05  Roach Warren  
  14  1:09  Zergling x2  
  14  1:16  Drone  
  15  1:26  Overlord  
  15  1:44  Roach  
  17  1:49  Roach  
  19  1:59  Roach  
  21  2:09  Roach  
  22  2:16  Ravager x2  
  22  2:22  Roach  
  26  2:26  Ravager  
  27  2:35  Overlord  
  27  2:40  Ravager  
  28  2:48  Roach  
  30  3:02  Ravager  
  31  3:13  Roach x2  
  35  3:28  Roach  
  37  4:02  Roach x2  
  35  4:04  Roach  
  35  4:05  Ravager  
  35  4:12  Ravager  
  33  4:17  Roach  
  33  4:22  Ravager  
  30  4:35  Ravager  
  30  4:36  Ravager  
  30  4:37  Roach x2  
  33  4:52  Roach  
  35  5:00  Ravager, Roach  
  35  5:08  Overlord  
  35  5:22  Overlord  
  33  5:34  Roach  
  33  5:35  Ravager x2  
  28  5:47  Ravager  
  28  5:48  Roach  
  31  5:59  Roach  
  33  6:05  Ravager  
  31  6:14  Roach  
Show
View Real Time Build Order
Export as new Build Order

LiquidTaeJa Terran - Winner!

Build Orders: Reaper Expand 

Get SALT Encoding   

  12  0:00  SCV  
  13  0:12  SCV  
  14  0:17  Supply Depot  
  14  0:24  SCV  
  15  0:38  SCV  
  15  0:40  Barracks  
  16  0:43  Refinery  
  16  0:50  SCV  
  17  1:02  SCV  
  18  1:14  SCV  
  19  1:27  Orbital Command  
  19  1:28  Reaper  
  20  1:39  Command Center  
  20  1:49  Supply Depot  
  20  1:52  SCV  
  21  1:59  Marine  
  22  2:05  SCV  
  22  2:08  Factory  
  22  2:18  Bunker  
  22  2:19  Barracks Tech Lab  
  22  2:21  SCV  
  22  2:23  Refinery  
  22  2:33  SCV  
  22  2:36  Command Center  
  23  2:39  Marauder  
  25  2:45  SCV  
  26  2:58  Supply Depot  
  26  3:01  Factory Tech Lab  
  26  3:02  Marauder  
  28  3:15  Supply Depot  
  29  3:25  Cyclone  
  31  3:43  Marine  
  31  3:44  SCV  
  30  3:48  Orbital Command  
  29  3:56  SCV  
  29  4:02  Marine  
  28  4:09  SCV  
  26  4:13  Hellion  
  26  4:20  Marine  
  26  4:21  SCV  
  27  4:29  Orbital Command  
  27  4:35  Factory Tech Lab  
  27  4:36  Bunker  
  27  4:38  Marine  
  28  4:44  SCV  
  29  4:53  Orbital Command  
  29  4:58  Cyclone, Mag-Field Accelerator  
  31  5:00  Marine, SCV  
  33  5:09  Supply Depot  
  30  5:21  SCV  
  25  5:30  Cyclone  
  25  5:34  Marine, SCV x2  
  26  5:50  Bunker, SCV  
  26  5:53  Barracks  
  27  5:59  Barracks Tech Lab, SCV  
  27  6:02  Cyclone, SCV  
  31  6:23  SCV x2  
  35  6:28  Supply Depot  
Tags
 
Add a new tag
Caveats
  • Supply blocks, unpowered buildings, or Contaminate may cause inaccurate times.
  • Supply counts are checked every 10 seconds.